 Dungeon Crawl Stone Soup version 0.30-a0-137-gd8773701ce (webtiles) character file.

Game seed: 17043091383060059356

90 rageheart7 the Trooper (level 4, -11/25 HPs)
             Began as a Vine Stalker Gladiator on Sept 22, 2022.
             Mangled by a gnoll
             ... wielding a +0 halberd
              (15 damage)
             ... on level 3 of the Dungeon.
             The game lasted 00:03:49 (2025 turns).

rageheart7 the Trooper (Vine Stalker Gladiator)     Turns: 2025, Time: 00:03:50

Health: -11/25     AC:  4    Str: 25    XL:     4   Next: 56%
Magic:  0/5        EV: 12    Int:  8    God:
Gold:   79         SH:  0    Dex: 15    Spells: 3/3 levels left

rFire   . . .      SeeInvis .    j - +2 dagger (venom)
rCold   . . .      Faith    .    h - orb {light}
rNeg    . . .      Spirit   +    b - +0 leather armour
rPois   .          Reflect  .    c - +0 helmet
rElec   .          Harm     .    (no cloak)
rCorr   .          Rampage  .    (no gloves)
Will    .....                    (no boots)
Stlth   +.........               (no amulet)
HPRegen 0.88/turn                q - +6 ring of strength
MPRegen 0.09/turn                (no ring)

@: glowing
A: fangs 2, regeneration 1, magic shield, antimagic bite, no potion heal 2
a: no special abilities


You were on level 3 of the Dungeon.
You visited 1 branch of the dungeon, and saw 3 of its levels.

You collected 79 gold pieces.

Inventory:

Hand Weapons
 a - a +0 rapier
 j - a +2 dagger of venom (weapon)
Missiles
 d - 2 throwing nets (quivered)
 e - a javelin
Armour
 b - a +0 leather armour (worn)
 c - a +0 helmet (worn)
 h - an orb of light (worn)
Jewellery
 l - a ring of fire
 q - a +6 ring of strength (left hand)
Scrolls
 k - a scroll of noise {unknown}
 m - a scroll of fear {unknown}
 n - a scroll of blinking {unknown}
 p - a scroll of teleportation {unknown}
Potions
 f - a potion of lignification {unknown}
 g - 2 potions of curing
 i - a potion of mutation
 o - a potion of heal wounds {unknown}


   Skills:
 * Level 3.6 Fighting
 + Level 3.4 Short Blades
 - Level 1.7 Throwing
 - Level 2.4 Dodging


You had 3 spell levels left.
You didn't know any spells.
Your spell library contained the following spells:

 Spells                   Type           Power      Damage    Failure   Level
 Sting                    Tmut/Pois      0%         1d3       45%         1
 Poisonous Vapours        Pois/Air       0%         N/A       58%         2
 Olgreb's Toxic Radiance  Pois           0%         N/A       99%         4


Dungeon Overview and Level Annotations

Branches:
Dungeon (3/15)

Altars:


Innate Abilities, Weirdness & Mutations

You have extremely sharp teeth.
Your natural rate of healing is unusually fast.
When hurt, damage is shared between your health and your magic reserves.
Your bite disrupts and absorbs the magic of your enemies.
Potions cannot restore your health.


Message History

You now have 79 gold pieces (gained 20).
Found a stone staircase leading down.
f - a red potion 3 gnolls come into view.
The gnoll shouts! x3; You hear a shout!
There are monsters nearby!
There are monsters nearby!
There are monsters nearby!
There are monsters nearby!
The gnoll closely misses you. The gnoll barely misses you.
You hit the gnoll. You bite the gnoll. You drain its power.
The gnoll is heavily wounded.
The gnoll closely misses you. x2
You hit the gnoll.
The gnoll is poisoned.
The gnoll is severely wounded.
The gnoll barely misses you. The gnoll closely misses you.
You barely miss the gnoll.
The gnoll is severely wounded.
You hit the gnoll.
You kill the gnoll!
The gnoll hits you from afar with a +0 spear.
The gnoll barely misses you.
The gnoll hits you from afar with a +0 halberd!
Things that are here:
a +0 whip; a gnoll corpse You hit the gnoll but do no damage.
The gnoll is poisoned.
The gnoll hits you but does no damage. The gnoll hits you with a +0 spear!
You barely miss the gnoll. You bite the gnoll, but do no damage.
The gnoll hits you but does no damage. The gnoll barely misses you.
The gnoll attacks as you move away! The gnoll closely misses you.
The gnoll hits you from afar with a +0 spear!
* * * LOW HITPOINT WARNING * * *
You have no ailments to cure.
The gnoll hits you with a +0 spear.
* * * LOW HITPOINT WARNING * * *
You hit the gnoll.
The gnoll looks even sicker.
The gnoll is heavily wounded.
The gnoll hits you from afar with a +0 halberd!
Ouch! That really hurt!
You die...

... #.. #.#
#.# #.######
#.#....#
#.#.##@#
#<...#g# ####
#.#..#g##?...#
#.#..#........
#.###..##.....
#......# ....
#.......## ..#
#>.###### .#
#.# #


You could see 2 gnolls.

Vanquished Creatures
  A gnoll (D:3)
  3 adders (D:2)
  2 worms
  2 dart slugs
  2 endoplasms
  3 giant cockroaches (D:1)
  3 goblins (D:1)
  4 hobgoblins (D:1)
  6 kobolds
  2 quokkas (D:1)
  6 ball pythons
  5 bats (D:1)
  2 frilled lizards
  3 rats (D:1)
44 creatures vanquished.

Notes
Turn   | Place    | Note
-------+----------+-------------------------------------------
     0 | D:1      | rageheart7 the Vine Stalker Gladiator began the quest for
                  | the Orb.
     0 | D:1      | Reached XP level 1. HP: 11/11 MP: 2/2
   112 | D:1      | Found a faded altar of an unknown god.
   136 | D:1      | Reached XP level 2. HP: 1/15 MP: 3/3
   800 | D:1      | Reached XP level 3. HP: 19/19 MP: 4/4
  1293 | D:2      | Gained mutation: Your natural rate of healing is unusually
                  | fast. [Vine Stalker growth]
  1293 | D:2      | Reached XP level 4. HP: 19/24 MP: 5/5
  2025 | D:3      | Mangled by a gnoll

Illustrated notes

Levels and vault maps discovered:
D:1:      lemuel_arrival_muddy, layout_basic, shapermc_ecumenical_altar_venn,
          hangedman_abyss_or_decor_stabs, minmay_octomino_j4
D:2:      layout_basic
D:3:      layout_basic, mainiacjoe_overflow_chevrons, minitemple,
          minmay_misc_feat_five

Skill      XL: |  1  2  3 |
---------------+----------+-----
Fighting       | 2 3 |  3.6
Short Blades   | 3 |  3.4
Throwing       | |  1.7
Dodging        | |  2.4

Action                   |  1- 3 |  4- 6 || total
-------------------------+-------+-------++-------
Melee: Rapier            |    67 |       ||    67
       Bite              |    13 |     8 ||    21
       Dagger            |    13 |    28 ||    41
Throw: Throwing net      |     1 |       ||     1
  Use: Scroll            |       |     2 ||     2
Armor: Leather armour    |    21 |     5 ||    26
Dodge: Dodged            |    55 |    15 ||    70

Table legend: (Time is in decaauts)
 A = Elapsed time spent in this place.
 B = Non-inter-level travel time spent in this place.
 C = Inter-level travel time spent in this place.
 D = Time resting spent in this place.
 E = Time spent auto-exploring this place.
 F = Levels seen in this place.
 G = Mean time per level.
                   A        B        C        D        E       F      G
               +--------+--------+--------+--------+--------+-----+--------+
         Total |   2023 |   1957 |     66 |    267 |   1441 |   3 |  674.3 |
       Dungeon |   2023 |   1957 |     66 |    267 |   1441 |   3 |  674.3 |
               +--------+--------+--------+--------+--------+-----+--------+

Top non-repeatable levels by time:
     D:1: 1153 daAuts
     D:2: 837 daAuts
     D:3: 32 daAuts
